 Dungeon Crawl Stone Soup version 0.22-a0-542-gce4f928 (webtiles) character file.

229 kr3s1m1r the Gusty (level 5, -2/38 HPs)
             Began as a Centaur Air Elementalist on June 24, 2018.
             Killed by nerve-wracking pain
             ... invoked by an orc priest
              (13 damage)
             ... on level 2 of the Dungeon.
             The game lasted 00:13:37 (4130 turns).

kr3s1m1r the Gusty (Centaur Air Elementalist)       Turns: 4130, Time: 00:13:38

Health: -2/38      AC:  4    Str: 10    XL:     5   Next: 71%
Magic:  6/10       EV:  9    Int: 15    God:
Gold:   109        SH:  0    Dex: 10    Spells: 2/10 levels left

rFire    . . .     SeeInvis .   g - +0 hunting sling
rCold    . . .     Gourm    .   (no shield)
rNeg     . . .     Faith    .   a - +0 robe
rPois    .         Spirit   .   (no helmet)
rElec    .         Reflect  .   (no cloak)
rCorr    .         Harm     .   (no gloves)
MR       .....                  (no barding)
Stlth    ++........             (no amulet)
HPRegen  0.12/turn              i - ring of stealth
MPRegen  0.12/turn              (no ring)

@: very quick
A: large, hooves 3, deformed body, speed 2, tough skin 3
a: no special abilities


You were on level 2 of the Dungeon.
You were not hungry.

You visited 1 branch of the dungeon, and saw 3 of its levels.

You collected 109 gold pieces.

Inventory:

Hand Weapons
 g - a +0 hunting sling (weapon)
Missiles
 d - 25 arrows
 e - 21 sling bullets (quivered)
 f - 96 stones
Armour
 a - a +0 robe (worn)
Jewellery
 i - a ring of stealth (left hand)
Scrolls
 b - a scroll of teleportation {unknown}
 k - a scroll of identify {unknown}
Potions
 j - 2 potions of ambrosia {unknown}
Comestibles
 c - 3 rations


   Skills:
 + Level 1.0 Slings
 - Level 1.3 Dodging
 - Level 1.1 Stealth
 * Level 3.3 Spellcasting
 * Level 2.6 Conjurations
 + Level 3.6 Air Magic


You had 2 spell levels left.
You knew the following spells:

 Your Spells              Type           Power        Failure   Level  Hunger
t - Static Discharge      Conj/Air       ##......     16%         3    ###....
u - Airstrike             Air            ##........   41%         4    ####...
z - Shock                 Conj/Air       ##..         5%          1    None

Your spell library contained the following spells:

 Spells                   Type           Power        Failure   Level  Hunger
 Lightning Bolt           Conj/Air       ##........   83%         5    ######.
 Swiftness                Chrm/Air       #.......     14%         2    ##.....


Dungeon Overview and Level Annotations

Branches:
Dungeon (3/15)

Altars:


Innate Abilities, Weirdness & Mutations

You have hooves in place of feet.
Armour fits poorly on your strangely shaped body.
You cover ground very quickly.
You have extremely tough skin. (AC +3)


Message History

The orc priest invokes the aid of Beogh against you.
Pain shoots through your body!
The orc hits you from afar with a trident.
The orc hits you. The orc priest hits you with a war axe.
The orc hits you from afar with a trident!
* * * LOW HITPOINT WARNING * * *
The orc priest closely misses you.
You climb upwards.
There is a stone staircase leading down here.
Unknown command.
Unknown command.
You feel better. The orc hits you. The orc priest misses you.
The orc priest invokes the aid of Beogh against you.
Beogh smites you!
* * * LOW HITPOINT WARNING * * *
You feel better. The orc closely misses you.
The orc priest hits you but does no damage.
The orc priest mumbles some strange prayers to Beogh against you.
Pain shoots through your body!
You die...

#......###.....#.♣.♣♣♣♣♣.♣♣♣.##.#
..[....# ##...##..♣.♣♣♣♣♣♣♣♣....#
####.### ##.#####♣#..♣#...♣.####
#.# #.# #####.....# #.# #.#
###.### ##+## #.# #.# ##...## #.#
##.# ##.....## #.####### #..###
#.......## #[..o@o.# #.##.####
.........####..o##.######........
.........'.......................
.....>...####...##.######.....##.
#.......## ##.###.#### #.##..##.
##.....## #........# #.#......
##...## #[###.##.# #.#.#.#..
##'## #.# #.##.# #..)..... #.#
#.###.##.# ###.#.#.#


You could see 2 orc priests and an orc.

Vanquished Creatures
  A phantom (D:2)
  Robin (D:2)
  3 gnolls (D:2)
  3 adders
  2 worms (D:2)
  2 dart slugs
  A leopard gecko (D:1)
  3 giant cockroaches
  18 goblins
  2 hobgoblins (D:2)
  8 jackals
  8 bats (D:1)
  4 frilled lizards
  4 kobolds
  10 rats
70 creatures vanquished.

Notes
Turn   | Place    | Note
-------+----------+-------------------------------------------
     0 | D:1      | kr3s1m1r the Centaur Air Elementalist began the quest for the Orb.
     0 | D:1      | Reached XP level 1. HP: 14/14 MP: 3/3
    12 | D:1      | Reached skill level 1 in Conjurations
   268 | D:1      | Reached XP level 2. HP: 20/20 MP: 1/4
  1105 | D:1      | Reached XP level 3. HP: 19/26 MP: 1/6
  1110 | D:1      | Learned a level 3 spell: Static Discharge
  2225 | D:2      | Reached XP level 4. HP: 33/33 MP: 2/7
  2282 | D:2      | Learned a level 4 spell: Airstrike
  2455 | D:2      | Noticed Robin
  2455 | D:2      | Noticed a phantom
  2899 | D:2      | Killed a phantom
  2899 | D:2      | Reached XP level 5. HP: 38/38 MP: 0/9
  3004 | D:2      | Killed Robin
  3438 | D:2      | Reached skill level 1 in Slings
  4087 | D:2      | Found a faded altar of an unknown god.
  4130 | D:2      | Killed from afar by an orc priest

Vault maps used:
D:1:      dpeg_arrival_subterranean_lakeside_camping
D:2:      chequers_ecumenical_altar_grove, kennysheep_generic_room_4, uniq_robin
D:3:      grunt_decor_cap, minmay_misc_feat_tiny, kennysheep_pointless_box,
          uniq_sigmund

Skill      XL: |  1  2  3  4  5 |
---------------+----------------+-----
Conjurations   | 1 2 |  2.6
Air Magic      | 3 |  3.6
Spellcasting   | 2 3 |  3.3
Slings         | 1 |  1.0
Dodging        | |  1.3
Stealth        | |  1.1

Action                   |  1- 3 |  4- 6 || total
-------------------------+-------+-------++-------
 Fire: Hunting sling     |     3 |    12 ||    15
 Cast: Shock             |    83 |    65 ||   148
       Airstrike         |       |     2 ||     2
       Static Discharge  |       |     3 ||     3
  Use: Potion            |       |     3 ||     3
  Eat: Chunk             |     5 |     6 ||    11
Armor: Robe              |    22 |    10 ||    32
Dodge: Dodged            |    27 |    15 ||    42

Table legend:
 A = Spawn XP
 B = Non-spawn XP
 C = Spawn XP percentage of total XP
 D = Spawn monster count
 E = Non-spawn monster count
 F = Spawn count percentage of total count
 G = Total turns spent on level
                    A         B        C        D         E        F      G
               +---------+---------+-------+---------+---------+-------+---------
         Total |       0 |     328 |   0.0 |       0 |      70 |   0.0 |  4130
               +---------+---------+-------+---------+---------+-------+---------
           D:1 |       0 |      67 |   0.0 |       0 |      34 |   0.0 |  1979
           D:2 |       0 |     261 |   0.0 |       0 |      36 |   0.0 |  2144
               +---------+---------+-------+---------+---------+-------+---------
